cohdb
Replays
Latest Replays
All Replays
Popular Replays
Top Player Replays
Match Explorer
How It Works
Community
CoH3 Stats
Reddit
Sign in to upload your games and track your stats! →
Sign in with Steam
Match 33939937
Unlisted
Match 33939937
Overview
Messages
Build Orders
End
Construct Barracks
Selects Special Operations Battlegroup
Riflemen Squad
Riflemen Squad
Grenade Package
Riflemen Squad
Construct Weapon Support Center
Selects M29 Weasel with M1 Pack Howitzer
M1919 Machine Gun Team
Air Support Center
Construct Medical Station
Selects Raiding Flares
Raiding Flares
Bazooka Squad
P-47 Strafing Run
Construct Motor Pool
Raiding Flares
M29 Weasel with M1 Pack Howitzer
Selects SSF Commando Squad
Selects Mark Vehicle
M1 Anti-tank Gun Team
P-47 Dive Bomb
M1918 Browning Automatic Rifles
Grasshopper Recon Run
P-47 Strafing Run
Construct Tank Depot
M4A1 Sherman Medium Tank
Selects M4A1 Sherman Whizbang
M1 Anti-tank Gun Team
Raiding Flares
Grasshopper Recon Run
M1919 Machine Gun Team
Bazooka Squad
Engineer Squad
RYUBONZHA
Niss
Microsoft Office Excel
Microsoft Office Word
0
0
Comments
sign in to comment!
No comments posted yet!